 Dungeon Crawl Stone Soup version 0.32-a0-20-ge526923d97 (webtiles) character file.

Game seed: 9535466394803690052

4032 Xavori the Ducker (level 10, -4/73 HPs)
             Began as a Djinni Chaos Knight on Jan 17, 2024.
             Was a Plaything of Xom.
             Slain by a troll (15 damage)
             ... on level 7 of the Dungeon.
             The game lasted 00:11:20 (9978 turns).

Xavori the Ducker (Djinni Chaos Knight)             Turns: 9978, Time: 00:11:21

Health: -4/73      AC: 10    Str: 10    XL:     10   Next: 48%
Gold:   214        EV: 15    Int: 20    God:    Xom [.*....] SH:  0 Dex: 17

rFire   + + .        a - +0 falchion (chaos)
rCold   . . .        (no shield)
rNeg    . . .        b - +2 leather armour
rPois   ∞            n - +0 helmet {Int+3}
rElec   .            (no cloak)
rCorr   .            A - +0 pair of gloves
SInv    .            (boots unavailable)
Will    +++..        B - amulet of regeneration
Stlth   +            k - ring of willpower
HPRegen 1.12/turn    o - ring of protection from cold
MPRegen 0.00/turn

%: infuse magic (-5 HP)
@: flying
A: sickness immunity, fire resistance 2, cold vulnerability 1, float, innate
caster, HP casting, extra vitality 1, iridescent scales 1, clever 1,
strong-willed 1, MP-powered wands
a: Renounce Religion


You were on level 7 of the Dungeon.
You worshipped Xom.
You were a plaything of Xom.
You visited 1 branch of the dungeon, and saw 7 of its levels.
You also visited: Ossuary.

You collected 422 gold pieces.
You spent 208 gold pieces at shops.

Inventory:

Hand Weapons
 a - a +0 falchion of chaos (weapon)
Armour
 b - a +2 leather armour (worn)
 i - a +0 helmet
 n - a +0 helmet of intelligence (worn)
 A - a +0 pair of gloves (worn)
Jewellery
 k - a ring of willpower (left hand)
 o - a ring of protection from cold (right hand)
 B - an amulet of regeneration (around neck)
 E - a ring of protection from cold
Wands
 p - a wand of polymorph (19)
 t - a wand of flame (11)
 y - a wand of paralysis (12)
Scrolls
 c - a scroll of butterflies
 d - 2 scrolls of summoning {unknown}
 e - 2 scrolls of poison
 h - a scroll of torment {unknown}
 j - 4 scrolls of teleportation
 m - a scroll of brand weapon {unknown}
 q - a scroll of enchant weapon {unknown}
 z - a scroll of enchant armour
 C - a scroll of noise {unknown}
 D - 2 scrolls of fog {unknown}
Potions
 f - 3 potions of enlightenment {unknown}
 g - a potion of attraction {unknown}
 l - a potion of cancellation {unknown}
 r - 2 potions of heal wounds
 s - a potion of might
 u - 3 potions of invisibility {unknown}
 v - a potion of magic {unknown}
 w - a potion of ambrosia {unknown}
 x - 4 potions of curing


   Skills:
 + Level 6.4 Fighting
 + Level 5.9 Long Blades
 + Level 5.7 Armour
 + Level 6.6 Dodging
 * Level 6.0 Spellcasting
 * Level 6.0 Conjurations
 * Level 6.0 Hexes
   Level 0.0 Charms
 * Level 6.0 Summonings
 * Level 6.0 Necromancy
 * Level 6.0 Translocations
   Level 0.0 Transmutations
 * Level 6.0 Fire Magic
 * Level 6.0 Ice Magic
 * Level 6.0 Air Magic
 * Level 6.0 Earth Magic
 * Level 6.0 Alchemy
 + Level 3.5 Evocations


You knew the following spells:

 Your Spells              Type           Power      Damage    Failure   Level
a - Sandblast             Erth           60%        2d14      1%          1
b - Static Discharge      Conj/Air       60%        3-6/arc   1%          2
c - Lesser Beckoning      Tloc           60%        N/A       1%          2
d - Swiftness             Air            30%        N/A       3%          3
Your spell library was empty.

Dungeon Overview and Level Annotations

Branches:
Dungeon (7/15)             Temple (0/1) D:4         Ossuary (visited)

Altars:
Ashenzari
Elyvilon
Fedhas
Gozag
Qazlal
Ru
Trog
Xom
Zin
The Shining One

Shops:
D:3 !=(!*   D:6 (


Innate Abilities, Weirdness & Mutations

You are immune to sickness and miasma.
You are immune to poison.
Your flesh is very heat resistant. (rF++)
You are vulnerable to cold. (rC-)
You float through the air rather than walking.
You learn spells naturally, not from books.
Your magical power is your life essence.
You have superior vitality. (+4 MHP)
You are partially covered in iridescent scales. (AC +2)
Your mind is acute. (Int +4, Str/Dex -1)
You are strong-willed. (Will+)
You expend health (3 HP) to strengthen your wands.


Message History

The phantom is severely damaged.
The phantom barely misses you.
The phantom hits you but does no damage.
You hit the phantom.
The phantom is severely damaged.
The phantom hits you but does no damage.
You hit the phantom but do no damage.
The phantom seems to grow stronger.
Xom thinks this is hilarious!
The phantom is severely damaged.
The phantom hits you! The phantom misses you.
You hit the phantom. Lightning courses through the phantom!!
You destroy the phantom!
You hit the troll.
The troll is poisoned.
The troll is lightly wounded.
The troll bites you. The troll closely misses you. The troll claws you!
* * * LOW HITPOINT WARNING * * *
You closely miss the troll. The troll bites you!
* * * LOW HITPOINT WARNING * * *
The troll claws you.
* * * LOW HITPOINT WARNING * * *
The troll claws you but does no damage.
Okay, then.
You feel much better. The troll misses you. The troll barely misses you.
The troll claws you!
Aiming: Paralyse
Press: ? - help, Shift-Dir - straight line, f - troll
Aim: a troll (very poisoned, chance to affect: 64%)
You feel a surge of power!
The troll struggles to resist.
The troll misses you. The troll claws you!
* * * LOW HITPOINT WARNING * * *
The troll claws you.
* * * LOW HITPOINT WARNING * * *
Aiming: Paralyse
Press: ? - help, Shift-Dir - straight line, f/p - troll
Aim: a troll (very poisoned, chance to affect: 64%)
You feel a surge of power!
The troll struggles to resist.
* * * LOW HITPOINT WARNING * * *
The troll bites you!
You die...
Xom giggles madly!

.###.....############............
...'.....))......................
.###.....############............
.# #.†...# #............ .#
#.....# #............ .# #.....#
#............ .###.....########
#............
.'.'.<...†......###########......
.###.....#.#..#.@.....# #......
.# #.....#......#T#.#.# #......
## #######......#.....# #......
#.#..#.#.#.#.# #......
#......#.....# #.(....
###########)## #...... #..
..#5c..# #...... #..#...#W##.#
#...... ## #.... ##.# ######.


You could see a troll (very poisoned).

Vanquished Creatures
  A rime drake (D:2)
  A troll (D:7)
  A hornet (D:6)
  Sigmund (D:4)
  Eustachio (D:4)
  2 water moccasins (D:7)
  2 ogres
  2 sky beasts (D:7)
  An ice beast (D:7)
  3 black bears
  A centaur (D:7)
  An elf zombie (Ossuary)
  2 phantoms
  2 bullfrogs (D:7)
  6 scorpions
  A burial acolyte (Ossuary)
  2 howler monkeys (D:7)
  2 centaur zombies (Ossuary)
  3 human zombies (Ossuary)
  4 orc priests
  4 hounds
  3 jellies
  A gnoll bouda (D:5)
  3 iguanas
  A sleepcap (D:5)
  Jessica (D:3)
  2 orc wizards
  Ijyb (D:3)
  A crocodile zombie (Ossuary)
  3 mummies (Ossuary)
  Robin (D:3)
  7 gnolls
  7 adders
  A river rat (D:4)
  2 shadow imps
  2 white imps (D:7)
  4 adder zombies (Ossuary)
  2 dart slugs
  4 ribbon worms
  17 orcs
  8 ball pythons
  5 bats
  9 endoplasms
  4 giant cockroaches
  2 gnoll zombies (Ossuary)
  12 goblins
  8 hobgoblins
  6 jackals
  7 kobolds
  8 quokkas
  5 ball python zombies (Ossuary)
  A frilled lizard (D:1)
  3 jackal zombies (Ossuary)
  5 kobold zombies (Ossuary)
  An orc zombie (Ossuary)
  7 rats
197 creatures vanquished.

Vanquished Creatures (collateral kills)
  An orc (D:7)
  A goblin (D:2)
2 creatures vanquished.

Vanquished Creatures (others)
  A centaur (D:7)
1 creature vanquished.

Grand Total: 200 creatures vanquished

Notes
Turn   | Place    | Note
-------+----------+-------------------------------------------
     0 | D:1      | Xavori the Djinni Chaos Knight began the quest for the Orb.
     0 | D:1      | Reached XP level 1. HP: 20/20 MP: 0/0
    37 | D:1      | XOM: silly message
   160 | D:1      | Reached XP level 2. HP: 15/25 MP: 0/0
   229 | D:1      | XOM: divination: magic mapping
   427 | D:1      | Reached XP level 3. HP: 30/30 MP: 0/0
   427 | D:1      | Learned a level 1 spell: Sandblast
   431 | D:1      | Reached skill level 1 in Spellcasting
   431 | D:1      | Reached skill level 1 in Conjurations
   431 | D:1      | Reached skill level 1 in Hexes
   431 | D:1      | Reached skill level 1 in Summonings
   431 | D:1      | Reached skill level 1 in Necromancy
   431 | D:1      | Reached skill level 1 in Translocations
   431 | D:1      | Reached skill level 1 in Fire Magic
   431 | D:1      | Reached skill level 1 in Ice Magic
   431 | D:1      | Reached skill level 1 in Air Magic
   431 | D:1      | Reached skill level 1 in Earth Magic
   431 | D:1      | Reached skill level 1 in Alchemy
   670 | D:1      | XOM: cloud trail
   733 | D:1      | XOM: noise
   905 | D:1      | XOM: divination: magic mapping
  1098 | D:1      | XOM: silly message
  1100 | D:1      | XOM: silly message
  1580 | D:1      | XOM: summons 2 hostile demons
  3557 | D:1      | XOM: give mutations
  3557 | D:1      | Gained mutation: Your mind is acute. (Int +4, Str/Dex -1)
                  | [Xom's grace]
  3557 | D:1      | Gained mutation: You expend health (3 HP) to strengthen
                  | your wands. [Xom's grace]
  3557 | D:1      | Gained mutation: You are partially covered in iridescent
                  | scales. (AC +2) [Xom's grace]
  3996 | D:2      | XOM: noise
  4095 | D:2      | Reached XP level 4. HP: 18/35 MP: 0/0
  4241 | D:2      | XOM: 4-stop teleportation journey
  4249 | D:2      | an adder changed into a rime drake
  4249 | D:2      | Noticed a rime drake
  4249 | D:2      | XOM: polymorph adder -> rime drake
  4264 | D:2      | Killed a rime drake
  4265 | D:2      | Reached XP level 5. HP: 41/41 MP: 0/0
  4265 | D:2      | Learned a level 2 spell: Static Discharge
  4265 | D:2      | Reached XP level 6. HP: 47/47 MP: 0/0
  4717 | D:3      | Noticed Robin
  4734 | D:3      | Killed Robin
  4749 | D:3      | Reached XP level 7. HP: 33/51 MP: 0/0
  4749 | D:3      | Learned a level 2 spell: Lesser Beckoning
  4968 | D:3      | Noticed Ijyb
  4978 | D:3      | Killed Ijyb
  4980 | D:3      | XOM: noise
  5270 | D:3      | Noticed Jessica
  5278 | D:3      | Killed Jessica
  5297 | D:3      | Found Kumuoch's Distillery.
  5301 | D:3      | Found Kufima's Jewellery Shop.
  5306 | D:3      | Bought a potion of heal wounds for 60 gold pieces
  5309 | D:3      | Found Wov Miokh's Weapon Shop.
  5349 | D:3      | Found Tem Lam's Distillery.
  5361 | D:3      | Bought a potion of might for 44 gold pieces
  5463 | D:3      | Found Semaraj's Assorted Antiques.
  5600 | D:4      | Found a staircase to the Ecumenical Temple.
  5700 | D:4      | XOM: stat loss: -1 Dex (13/14)
  5807 | D:4      | Noticed Sigmund
  5809 | D:4      | XOM: enchant monster (good)
  5814 | D:4      | XOM: summons friendly crimson imp
  5823 | D:4      | Killed Sigmund
  5939 | D:4      | Noticed Eustachio
  5947 | D:4      | XOM: blink monster(s)
  5961 | D:4      | Killed Eustachio
  5962 | D:4      | Reached XP level 8. HP: 38/58 MP: 0/0
  6313 | D:4      | XOM: stat loss: -1 Int (19/20)
  6790 | D:5      | Entered Level 5 of the Dungeon
  6909 | D:5      | XOM: give mutation
  6909 | D:5      | Gained mutation: You are strong-willed. (Will+) [Xom's
                  | mischief]
  6937 | D:5      | XOM: confusion (+ monsters)
  6985 | D:5      | XOM: 1-stop teleportation journey
  6988 | D:5      | XOM: repel stairs
  6994 | D:5      | XOM: smoke on damage
  7009 | D:5      | XOM: confuse monster(s)
  7010 | D:5      | XOM: confuse monster(s)
  7025 | D:5      | XOM: divination: detect items
  7036 | D:5      | XOM: noise
  7040 | D:5      | XOM: potion effect (invisibility)
  7047 | D:5      | XOM: confuse monster(s)
  7049 | D:5      | XOM: noise
  7076 | D:4      | Reached skill level 5 in Fighting
  7151 | D:3      | Bought a scroll labelled DUUNEC FOCHAI for 26 gold pieces
  7151 | D:3      | Bought a scroll labelled TABIAS OXEAVUS for 26 gold pieces
  7181 | D:3      | XOM: silly message
  7371 | D:5      | XOM: divination: magic mapping
  7385 | D:5      | XOM: cast spell 'Fugue of the Fallen'
  7399 | D:4      | XOM: divination: magic mapping
  7499 | D:5      | Reached skill level 5 in Dodging
  7499 | D:5      | Reached XP level 9. HP: 34/65 MP: 0/0
  7499 | D:5      | Learned a level 3 spell: Swiftness
  7541 | D:5      | XOM: fake destruction
  7607 | D:4      | XOM: scenery: 1 doors close
  7862 | D:6      | XOM: enchant monster (bad)
  7875 | D:6      | XOM: blink monster(s)
  8028 | D:6      | XOM: blink monster(s)
  8035 | D:6      | Reached skill level 5 in Spellcasting
  8035 | D:6      | Reached skill level 5 in Conjurations
  8035 | D:6      | Reached skill level 5 in Hexes
  8035 | D:6      | Reached skill level 5 in Summonings
  8035 | D:6      | Reached skill level 5 in Necromancy
  8035 | D:6      | Reached skill level 5 in Translocations
  8035 | D:6      | Reached skill level 5 in Fire Magic
  8035 | D:6      | Reached skill level 5 in Ice Magic
  8035 | D:6      | Reached skill level 5 in Air Magic
  8035 | D:6      | Reached skill level 5 in Earth Magic
  8035 | D:6      | Reached skill level 5 in Alchemy
  8035 | D:6      | Reached skill level 1 in Evocations
  8051 | D:6      | Reached skill level 5 in Long Blades
  8153 | D:3      | Bought a scroll labelled WIFALELULECE for 26 gold pieces
  8153 | D:3      | Bought a scroll labelled ZELETR RUWKOA for 26 gold pieces
  8242 | D:6      | Found a glowing silver altar of Zin.
  8242 | D:6      | Found a glowing golden altar of the Shining One.
  8242 | D:6      | Found a sacrificial altar of Ru.
  8242 | D:6      | Found a white marble altar of Elyvilon.
  8243 | D:6      | Found a shimmering altar of Xom.
  8243 | D:6      | Found a broken altar of Ashenzari.
  8243 | D:6      | Found an opulent altar of Gozag.
  8244 | D:6      | Found a stormy altar of Qazlal.
  8244 | D:6      | Found a bloodstained altar of Trog.
  8245 | D:6      | Found a blossoming altar of Fedhas.
  8259 | D:6      | Noticed a hornet
  8274 | D:6      | Killed a hornet
  8376 | D:6      | Identified the +4 sling "Ythoosiu" {speed, rC+}
  8381 | D:6      | XOM: confusion (+ monsters)
  8630 | D:6      | Found Ydovap's Antique Weapon Shoppe.
  8959 | D:7      | XOM: enchant monster (bad)
  9131 | D:7      | Found a sand-covered staircase.
  9136 | Ossuary  | Entered an ossuary
  9162 | Ossuary  | XOM: smoke on damage
  9193 | Ossuary  | Reached skill level 5 in Armour
  9336 | Ossuary  | XOM: fake destruction
  9356 | Ossuary  | Reached XP level 10. HP: 72/72 MP: 0/0
  9598 | D:7      | XOM: divination: detect items
  9877 | D:7      | XOM: scenery: 1 doors close
  9884 | D:7      | XOM: potion effect (berserk rage)
  9955 | D:7      | XOM: scenery: 1 doors close
  9967 | D:7      | XOM: summons friendly crimson imp
  9978 | D:7      | Slain by a troll

Illustrated notes

Levels and vault maps discovered:
D:1:      roderic_octagonal_star, layout_basic
D:2:      layout_loops_ring, palyth_stone_intersect
D:3:      layout_loops_ring, led_sif_pool, serial_shops, shop, shop, shop,
          nicolae_shop_behind_doors, shop, uniq_jessica, uniq_ijyb, uniq_robin
D:4:      layout_basic, temple_statues, gup_sewer_entry_spiral, uniq_sigmund,
          uniq_eustachio
D:5:      layout_rooms
D:6:      layout_basic, nicolae_overflows_in_rows, serial_shops,
          nicolae_shop_tiny_statue_garden, lightli_orcish_oven
D:7:      minmay_clustersquares, layout_basic, nicolae_ossuary_entry_ruins

Skill      XL: |  1  2  3  4  5  6  7  8  9 10 |
---------------+-------------------------------+-----
Spellcasting   | 1 2 3 4 5 6 |  6.0
Conjurations   | 1 2 3 4 5 6 |  6.0
Hexes          | 1 2 3 4 5 6 |  6.0
Summonings     | 1 2 3 4 5 6 |  6.0
Necromancy     | 1 2 3 4 5 6 |  6.0
Translocations | 1 2 3 4 5 6 |  6.0
Fire Magic     | 1 2 3 4 5 6 |  6.0
Ice Magic      | 1 2 3 4 5 6 |  6.0
Air Magic      | 1 2 3 4 5 6 |  6.0
Earth Magic    | 1 2 3 4 5 6 |  6.0
Alchemy        | 1 2 3 4 5 6 |  6.0
Long Blades    | 3 4 5 |  5.9
Armour         | 2 3 4 5 |  5.7
Dodging        | 3 4 5 6 |  6.6
Fighting       | 4 5 6 |  6.4
Evocations     | 2 3 |  3.5

Action                     |  1- 3 |  4- 6 |  7- 9 | 10-12 || total
---------------------------+-------+-------+-------+-------++-------
  Melee: Falchion          |   132 |    76 |   579 |   167 ||   954
         Punch             |       |       |     6 |     1 ||     7
         Unarmed           |       |       |     2 |       ||     2
   Cast: Static Discharge  |       |     4 |     3 |     2 ||     9
         Lesser Beckoning  |       |       |     1 |       ||     1
         Sandblast         |       |       |     1 |       ||     1
  Evoke: Wand              |       |       |       |     2 ||     2
    Use: Potion            |       |     4 |       |     1 ||     5
         Scroll            |       |       |     6 |       ||     6
   Stab: Sleeping          |     1 |       |     3 |       ||     4
         Paralysed         |     1 |       |     1 |       ||     2
         Petrified         |       |       |    23 |       ||    23
         Confused          |       |       |     4 |       ||     4
         Distracted        |       |       |     1 |       ||     1
 Armour: Leather armour    |   105 |    46 |   453 |   143 ||   747
  Dodge: Dodged            |   111 |    56 |   544 |   147 ||   858

Table legend: (Time is in decaauts)
 A = Elapsed time spent in this place.
 B = Non-inter-level travel time spent in this place.
 C = Inter-level travel time spent in this place.
 D = Time resting spent in this place.
 E = Time spent auto-exploring this place.
 F = Levels seen in this place.
 G = Mean time per level.
                   A        B        C        D        E       F      G
               +--------+--------+--------+--------+--------+-----+--------+
         Total |  10073 |   9559 |    514 |   3283 |   4264 |   8 | 1259.1 |
       Dungeon |   9728 |   9214 |    514 |   3283 |   4146 |   7 | 1389.7 |
       Ossuary |    345 |    345 |      0 |      0 |    118 |   1 |  345.0 |
               +--------+--------+--------+--------+--------+-----+--------+

Top non-repeatable levels by time:
     D:1: 3765 daAuts
     D:4: 1534 daAuts
     D:3: 1013 daAuts
     D:2: 976 daAuts
     D:6: 884 daAuts
     D:7: 832 daAuts
     D:5: 722 daAuts
 Ossuary: 345 daAuts
